 Dungeon Crawl Stone Soup version 0.29.0-4-gdea44cf6ec (webtiles) character file.

Game seed: 18152289705754241709

3 qw the Sneak (level 1, -1/14 HPs)
             Began as a Gargoyle Delver on Sept 10, 2022.
             Killed by divine providence
             ... invoked by an orc priest
              (15 damage)
             ... on level 4 of the Dungeon.
             The game lasted 00:00:04 (323 turns).

qw the Sneak (Gargoyle Delver)                       Turns: 323, Time: 00:00:05

Health: -1/14      AC:  9    Str: 15    XL:     1   Next: 50%
Magic:  1/1        EV: 10    Int: 10    God:
Gold:   12         SH:  0    Dex: 11    Spells: 0/0 levels left

rFire   . . .      SeeInvis .   c - +2 hand axe (vorpal)
rCold   . . .      Faith    .   (no shield)
rNeg    + . .      Spirit   .   i - +0 ring mail
rPois   inf        Reflect  .   a - +1 helmet
rElec   +          Harm     .   (no cloak)
rCorr   .          Rampage  .   (no gloves)
Will    .....                   (no boots)
Stlth   ++........              (no amulet)
HPRegen 0.04/turn               (no ring)
MPRegen 0.07/turn               (no ring)

@: no status effects
A: sickness immunity, AC +2, negative energy resistance 1, electricity
resistance, torment resistance 1, petrification resistance
a: no special abilities


You were on level 4 of the Dungeon.
You visited 1 branch of the dungeon, and saw 3 of its levels.

You collected 12 gold pieces.


Innate Abilities, Weirdness & Mutations

You are immune to sickness and miasma.
Your stone body is resilient. (AC +2)
You are immune to poison.
You resist negative energy. (rN+)
You are resistant to electric shocks. (rElec)
You are resistant to unholy torment.
You are immune to petrification.


   Skills:
 - Level 3.2 Fighting
 + Level 2.1 Axes
 - Level 1.5 Dodging
 - Level 5.4 Stealth


You couldn't memorise any spells.
You didn't know any spells.
Your spell library was empty.

Inventory:

Hand Weapons
 c - a +2 vorpal hand axe (weapon)
Armour
 a - a +1 helmet (worn)
 i - a +0 ring mail (worn)
Jewellery
 b - a ring of fire
Wands
 g - a wand of digging (3)
Potions
 f - a potion of haste

Dungeon Overview and Level Annotations

Branches:
Dungeon (6/15)
 Temple: D:4-7

Altars:


Message History

The orc hits you but does no damage.
The orc hits you with a +2 vorpal hand axe.
You slash the orc!
You kill the orc!
Your Axes skill increases to level 2!
You start resting.
HP restored.
c - a +2 vorpal hand axe
302 ||| SWAPPING to +2 vorpal hand axe.
c - a +2 vorpal hand axe (weapon)
303 ||| DROPPING +1 hand axe.
You drop a +1 hand axe.
An orc wizard comes into view. It is wielding a +0 dagger.
Found a stone staircase leading up and a stone staircase leading down.
308 ||| Stepping ~*~*~tactically~*~*~ (hiding).
You start waiting.
An endoplasm comes into view.
You start waiting.
An endoplasm is nearby!
(D) Dungeon
Where to? (* - list waypoints, Enter - D:4, ? - help)
What level of the Dungeon? (default 1, ? - help)
An orc wizard, an orc and an orc priest come into view.
The orc wizard shouts!
The orc shouts!
An orc comes into view. It is wielding a +0 mace.
319 ||| Stepping ~*~*~tactically~*~*~ (hiding).
You start waiting.
There are monsters nearby!
An orc comes into view. It is wielding a +0 club.
The orc shouts!
The orc moves out of view.
You hit the orc priest.
The orc priest is moderately wounded.
The orc priest looks satisfied for a moment.
You closely miss the orc priest. You punch the orc priest.
The orc priest is moderately wounded.
The orc priest barely misses you.
The orc priest invokes the aid of Beogh against you.
Beogh smites you!
Ouch! That really hurt!
You die...

#.. .......... #...
#......... ....
#..<......
..o..#.........
...#.........
...o........
#.#o........
#.#@.##.#
..#...###.#######
......#.....#.....#
...J...............
...................
...........).......
..........>........
...................
...................


You could see an orc priest, an orc wizard and an endoplasm.

Vanquished Creatures
  An orc (D:4)
  An endoplasm (D:4)
2 creatures vanquished.

Notes
Turn   | Place    | Note
-------+----------+-------------------------------------------
     0 | D:5      | qw the Gargoyle Delver began the quest for the Orb.
     0 | D:5      | Reached XP level 1. HP: 14/14 MP: 1/1
     0 | D:5      | 0 ||| qw: Version: 0.1-a-116-g5d60599
     0 | D:5      | 0 ||| qw: Game counter: 9487
     0 | D:5      | 0 ||| qw: Always use a shield: true
     0 | D:5      | 0 ||| qw: God list: Okawaru
     0 | D:5      | 0 ||| qw: Allow faded altars: false
     0 | D:5      | 0 ||| qw: Do Orc after D:15 true
     0 | D:5      | 0 ||| qw: Do second Lair branch before Depths: true
     0 | D:5      | 0 ||| qw: Lair rune preference: random
     0 | D:5      | 0 ||| qw: Plans: Normal
     0 | D:5      | 0 ||| PLANNING D:1-11
    71 | D:5      | 71 ||| UPGRADING to +0 ring mail.
    81 | D:5      | 81 ||| DROPPING +0 leather armour.
    82 | D:5      | 82 ||| READING scroll labelled XEEFATSAZES.
    83 | D:5      | 83 ||| DROPPING scroll of fog.
    84 | D:5      | 84 ||| DROPPING scroll of magic mapping.
    85 | D:5      | 85 ||| DROPPING scroll of fear.
    94 | D:4      | Noticed an orc wizard
    94 | D:4      | Noticed an orc wizard
    94 | D:4      | You fall into a shaft and drop 2 floors!
   103 | D:5      | 103 ||| READING scroll labelled XIRU KALYTUW.
   117 | D:5      | 117 ||| UPGRADING to +1 helmet.
   302 | D:4      | 302 ||| SWAPPING to +2 vorpal hand axe.
   303 | D:4      | 303 ||| DROPPING +1 hand axe.
   307 | D:4      | Noticed an orc wizard
   308 | D:4      | 308 ||| Stepping ~*~*~tactically~*~*~ (hiding).
   318 | D:4      | Noticed an orc priest
   319 | D:4      | 319 ||| Stepping ~*~*~tactically~*~*~ (hiding).
   323 | D:4      | Killed from afar by an orc priest

Levels and vault maps discovered:
D:4:      layout_rooms, mainiacjoe_overflow_six_doors_small,
          minmay_temple_entry_slanted, serial_shops, shop, uniq_ijyb
D:5:      minmay_razor_zed, layout_basic, mainiacjoe_overflow_swirl,
          nicolae_uskayaw_murder_on_the_dancefloor, bloody_makhleb,
          gammafunk_ghost_nasty_kobolds, dreamdust_princess_corridor
D:6:      cheibrodos_quashed, layout_basic, serial_shops,
          nicolae_shop_behind_doors, nicolae_shop_hallway_plus

Skill      XL: |  1 |
---------------+----+-----
Axes           | 2 |  2.1
Fighting       | |  3.2
Dodging        | |  1.5
Stealth        | |  5.4

Action                   || total
-------------------------++-------
Melee: Hand axe          ||     7
       Punch             ||     1
  Use: Scroll            ||     2
Armor: Ring mail         ||     3
Dodge: Dodged            ||     2

Table legend:
 A = Non-vault XP
 B = Vault XP
 C = Vault XP percentage of total XP
 D = Non-vault monster count
 E = Vault monster count
 F = Vault count percentage of total count
                 A         B        C        D         E       F
            +---------+---------+-------+---------+---------+-------
      Total |       5 |       0 |   0.0 |       2 |       0 |   0.0
            +---------+---------+-------+---------+---------+-------
        D:4 |       5 |       0 |   0.0 |       2 |       0 |   0.0
            +---------+---------+-------+---------+---------+-------
